 Dungeon Crawl Stone Soup version 0.30.1-11-g7821555f0a (webtiles) character file.

Game seed: 4506225248509496031

602 H0rd4k the Cudgeller (level 7, -2/53 HPs)
             Began as a Human Artificer on Dec 15, 2023.
             Killed by divine providence
             ... invoked by an orc priest
              (11 damage)
             ... on level 4 of the Dungeon.
             The game lasted 00:03:31 (3508 turns).

H0rd4k the Cudgeller (Human Artificer)              Turns: 3508, Time: 00:03:32

Health: -2/53      AC:  6    Str: 12    XL:     7   Next: 69%
Magic:  7/7        EV: 11    Int: 14    God:
Gold:   204        SH:  0    Dex: 13    Spells: 6/6 levels left

rFire   . . .        C - +1 whip (drain)
rCold   . . .        (no shield)
rNeg    + . .        x - +1 ring mail {rN+}
rPois   .            (no helmet)
rElec   .            (no cloak)
rCorr   +            (no gloves)
SInv    .            (no boots)
Will    .....        n - amulet of the acrobat
Stlth   +            i - ring of resist corrosion
HPRegen 0.28/turn    (no ring)
MPRegen 0.10/turn

%: acrobat
@: no status effects
A: no striking features
a: no special abilities


You were on level 4 of the Dungeon.
You visited 1 branch of the dungeon, and saw 4 of its levels.

You collected 204 gold pieces.

Inventory:

Hand Weapons
 C - a +1 whip of draining (weapon)
 D - a +1 long sword of holy wrath
Armour
 b - a +0 leather armour
 q - a +2 robe of willpower
 x - a +1 ring mail of positive energy (worn)
 y - an orb of energy
Jewellery
 a - an amulet of guardian spirit
 i - a ring of resist corrosion (left hand)
 n - an amulet of the acrobat (around neck)
Wands
 c - a wand of flame (11) (quivered)
 d - a wand of charming (13)
 e - a wand of iceblast (3)
 p - a wand of quicksilver (1)
Scrolls
 g - a scroll of blinking {unknown}
 h - 6 scrolls of teleportation {unknown}
 l - 2 scrolls of identify {unknown}
 o - a scroll of enchant armour {unknown}
 u - 2 scrolls of magic mapping {unknown}
 v - a scroll of fear {unknown}
 z - a scroll of silence {unknown}
 A - a scroll of immolation {unknown}
 B - a scroll of torment {unknown}
Potions
 f - a potion of magic {unknown}
 j - a potion of might {unknown}
 k - 3 potions of brilliance {unknown}
 m - 6 potions of curing {unknown}
 r - 2 potions of haste {unknown}
 s - a potion of ambrosia {unknown}
 t - a potion of attraction {unknown}
 w - a potion of degeneration {unknown}


   Skills:
 + Level 3.7 Fighting
 + Level 5.2 Maces & Flails
 - Level 2.0 Armour
 + Level 4.1 Dodging
 - Level 1.0 Stealth
 - Level 3.0 Evocations


You had 6 spell levels left.
You didn't know any spells.
Your spell library contained the following spells:

 Spells                   Type           Power      Damage    Failure   Level
 Apportation              Tloc           0%         N/A       54%         1
 Necrotise                Necr           0%         1d4       54%         1
 Summon Small Mammal      Summ           0%         N/A       54%         1
 Ensorcelled Hibernation  Hex/Ice        0%         N/A       67%         2
 Passwall                 Tmut/Erth      0%         N/A       67%         2
 Swiftness                Air            0%         N/A       88%         3


Dungeon Overview and Level Annotations

Branches:
Dungeon (4/15)
 Temple: D:4-7

Altars:
Hepliaklqana
Okawaru

Shops:
D:3 =:*


Message History

You barely miss the orc wizard.
The orc wizard hits you with a +0 dagger.
The orc priest looks encouraged for a moment.
You barely miss the orc wizard.
The orc wizard hits you with a +0 dagger.
You hit the orc wizard. You drain the orc wizard.
The orc wizard is heavily wounded.
The orc wizard hits you but does no damage.
You hit the orc wizard.
The orc wizard is severely wounded.
The orc wizard hits you with a +0 dagger.
You hit the orc wizard.
You kill the orc wizard!
The orc completely misses you.
Items here: )) [[.
You closely miss the orc. The orc hits you with a +0 hand axe.
You hit the orc.
The orc is heavily wounded.
The orc hits you with a +0 hand axe.
You barely miss the orc.
The orc is heavily wounded.
The orc priest invokes the aid of Beogh against you.
Beogh smites you!
* * * LOW HITPOINT WARNING * * *
The orc hits you with a +0 hand axe.
* * * LOW HITPOINT WARNING * * *
Aiming: Charm
Press: ? - help, Shift-Dir - straight line, f - orc
Aim: an orc, wielding a +0 hand axe (moderately wounded, chance to affect: 73%)
The orc struggles to resist.
The orc priest looks braver for a moment.
The orc hits you but does no damage.
Unknown command.
Aiming: Charm
Press: ? - help, Shift-Dir - straight line, f/p - orc
Aim: an orc, wielding a +0 hand axe (moderately wounded, chance to affect: 73%)
The orc is charmed.
The orc priest invokes the aid of Beogh against you.
Beogh smites you!
You die...

#.................
#.................
#..<..............
#.............(...
#######.######..........
#....o#.######....##....
+.....'[........>.......
#.....#o####......).....
#....o#@# #.#..........
#..>..#.# #.###.##.....
#.....#.# #.# #.##[....
.......#.# #.# #.##.....
.......#+# #.# #.##.#'#.
....... #.###'##.#.#.
#.#......#.#.
#.#(...###.#. #.#....#
#.#.


You could see an orc priest (very drained) and a friendly orc (charmed).

Vanquished Creatures
  Sigmund (D:2)
  A black bear (D:3)
  An ogre (D:4)
  A scorpion (D:4)
  Terence (D:2)
  An iguana (D:4)
  An orc wizard (D:4)
  A gnoll (D:4)
  5 adders
  A worm (D:3)
  A dart slug (D:2)
  3 orcs
  8 endoplasms
  3 giant cockroaches (D:1)
  8 goblins
  9 hobgoblins
  A jackal (D:4)
  A quokka (D:2)
  12 ball pythons
  4 bats
  2 frilled lizards
  5 kobolds
  4 rats
75 creatures vanquished.

Notes
Turn   | Place    | Note
-------+----------+-------------------------------------------
     0 | D:1      | H0rd4k the Human Artificer began the quest for the Orb.
     0 | D:1      | Reached XP level 1. HP: 15/15 MP: 1/1
   172 | D:1      | Reached XP level 2. HP: 19/21 MP: 2/2
   351 | D:1      | Reached skill level 1 in Maces & Flails
   532 | D:1      | Reached XP level 3. HP: 16/26 MP: 3/3
   898 | D:2      | Noticed Sigmund
   904 | D:2      | Killed Sigmund
   905 | D:2      | Reached skill level 3 in Maces & Flails
   905 | D:2      | Reached XP level 4. HP: 34/34 MP: 4/4
   905 | D:2      | Reached XP level 5. HP: 39/39 MP: 5/5
  1045 | D:2      | Reached XP level 6. HP: 46/46 MP: 6/6
  1206 | D:2      | Noticed Terence
  1214 | D:2      | Killed Terence
  1950 | D:3      | Found a hazy altar of Hepliaklqana.
  1950 | D:3      | Found an iron altar of Okawaru.
  1955 | D:3      | Found Ipriap's General Store.
  2042 | D:3      | Found Betzegu's Book Shop.
  2098 | D:3      | Found Beafiphi's Jewellery Boutique.
  2230 | D:3      | Noticed a black bear
  2241 | D:3      | Killed a black bear
  2242 | D:3      | Reached skill level 4 in Maces & Flails
  2626 | D:3      | Reached XP level 7. HP: 42/52 MP: 7/7
  2882 | D:3      | Found a faded altar of an unknown god.
  3399 | D:4      | Reached skill level 5 in Maces & Flails
  3508 | D:4      | Killed from afar by an orc priest

Illustrated notes

Levels and vault maps discovered:
D:1:      saegor_arrival_simple_d, layout_basic
D:2:      minmay_inner_zag, layout_basic, grunt_ministairs_15,
          minmay_tetromino_o4, uniq_terence, uniq_sigmund
D:3:      layout_basic, grunt_temple_overflow_open, serial_shops,
          nicolae_shop_tiny_glass, nicolae_shop_real_fake_doors, shop,
          shapermc_ecumenical_altar_mp_vishouse
D:4:      layout_basic, wad_rectangle_vault, uniq_pikel

Skill      XL: |  1  2  3  4  5  6  7 |
---------------+----------------------+-----
Maces & Flails | 1 3 4 5 |  5.2
Dodging        | 3 4 |  4.1
Fighting       | 2 3 |  3.7
Armour         | |  2.0
Stealth        | |  1.0
Evocations     | |  3.0

Action                     |  1- 3 |  4- 6 |  7- 9 || total
---------------------------+-------+-------+-------++-------
  Melee: Club              |    99 |    77 |       ||   176
         Mace              |       |    60 |    20 ||    80
         Punch             |       |     1 |     2 ||     3
         Whip              |       |       |    81 ||    81
  Evoke: Wand              |     2 |     8 |     2 ||    12
   Stab: Sleeping          |     1 |     1 |       ||     2
 Armour: Leather armour    |    16 |       |       ||    16
         Robe              |       |    10 |       ||    10
         Ring mail         |       |    44 |    33 ||    77
  Dodge: Dodged            |    70 |    99 |    36 ||   205
